Flyers vs Senators

Created - December 8 2011 at 19:13

Goals
1 2 3 T
Flyers 0 0 1 1
Senators 1 1 2 4
Shots
1 2 3 T
Flyers 12 7 8 27
Senators 12 12 16 40

Period #1

1. Senators , Daniel Alfredsson 6 (John Tavares) at 11:52

Penalties :
Jamie Benn (OTT) for Hooking (Minor) at 3:54, Dion Phaneuf (OTT) for Hooking (Minor) at 8:44, Derek Morris (OTT) for Interference (Minor) at 16:23

Period #2

2. Senators , Patrick Eaves 3 (John-Michael Liles, Dion Phaneuf) at 4:13 (PP)

Penalties :
Brandon McMillan (PHI) for Tripping (Minor) at 3:00, Dion Phaneuf (OTT) for Slashing (Minor) at 9:24, Andrej Sekera (PHI) for Holding (Minor) at 13:17

Period #3

3. Senators , John Tavares 14 (John-Michael Liles, Daniel Alfredsson) at 9:02
4. Senators , Patrick Eaves 4 (Jason Spezza) at 9:28
5. Flyers , Raffi Torres 5 (Radim Vrbata, Andrej Sekera) at 14:44 (PP)

Penalties :
Ladislav Smid (PHI) for Hooking (Minor) at 6:31, Andrej Sekera (PHI) for Hooking (Minor) at 9:37, Claude Giroux (OTT) for Roughing (Minor) at 13:13

Goalie Stats

Tomas Vokoun (PHI), 36 saves from 40 shots - (0.900), L, 15-11-2, 60:00 minutes
Carey Price (OTT), 26 saves from 27 shots - (0.963), W, 17-6-3, 60:00 minutes

Players Stats

Flyers
Player Name              G  A  P  +/- PIM S  H  SB FO    MP 
------------------------------------------------------------
Andrei Markov            0  0  0   0  0   4  0  3  0/0   22 
Andrej Sekera            0  1  1   0  4   1  3  4  0/0   20 
Brandon McMillan         0  0  0  -1  2   0  2  0  1/2   6  
Brendan Morrison         0  0  0   0  0   1  1  1  18/24 20 
Chris Pronger            0  0  0   0  0   0  0  0  0/0   0  
Justin Williams          0  0  0  -1  0   3  1  0  2/4   22 
Kevin Bieksa             0  0  0   0  0   0  3  0  0/0   20 
Kyle Brodziak            0  0  0  -1  0   0  0  0  1/11  5  
Ladislav Smid            0  0  0  -1  2   0  2  1  0/0   22 
Lee Stempniak            0  0  0  -2  0   3  1  0  0/0   15 
Niklas Hagman            0  0  0  -2  0   4  0  0  0/0   15 
Pascal Dupuis            0  0  0   0  0   0  1  0  0/2   20 
Petr Prucha              0  0  0  -2  0   0  0  0  9/21  14 
Radim Vrbata             0  1  1   0  0   4  2  0  0/1   18 
Raffi Torres             1  0  1   0  0   2  3  1  0/0   18 
Randy Jones              0  0  0  -3  0   0  1  1  0/0   16 
Rostislav Klesla         0  0  0  -2  0   3  0  1  0/0   17 
Tim Connolly             0  0  0   0  0   2  0  0  11/29 22 
Senators
Player Name              G  A  P  +/- PIM S  H  SB FO    MP 
------------------------------------------------------------
Claude Giroux            0  0  0   0  2   1  1  0  0/1   19 
Craig Conroy             0  0  0   0  0   0  0  0  8/11  5  
Daniel Alfredsson        1  1  2   2  0   6  1  1  0/1   19 
Derek Morris             0  0  0   1  2   2  0  1  0/0   17 
Dion Phaneuf             0  1  1   2  4   0  3  0  0/0   20 
Jamie Benn               0  0  0   2  2   2  4  0  0/0   18 
Jan Hejda                0  0  0   0  0   0  1  0  0/0   24 
Jason Spezza             0  1  1   1  0   1  0  0  15/25 16 
Joffrey Lupul            0  0  0   0  0   2  1  0  0/1   20 
John Tavares             1  1  2   2  0   6  0  0  13/24 16 
John-Michael Liles       0  2  2   2  0   0  0  0  0/0   21 
Nick Foligno             0  0  0   1  0   0  0  0  0/0   13 
Nicklas Lidstrom         0  0  0   0  0   2  1  3  0/0   25 
Patrick Eaves            2  0  2   1  0   8  1  0  1/2   20 
Peter Regin              0  0  0   0  0   0  0  0  0/0   0  
Ryan Johnson             0  0  0   0  0   0  0  0  2/4   4  
Shaone Morrisonn         0  0  0   1  0   2  0  0  0/0   14 
Sidney Crosby            0  0  0   0  0   8  1  0  13/25 19 

3 Stars

1 - Patrick Eaves (OTT)
2 - Daniel Alfredsson (OTT)
3 - John Tavares (OTT)

Power Play

Flyers - 1 on 5 Attempt(s) - 20.00%
Senators - 1 on 4 Attempt(s) - 25.00%

Penalty Kill

Flyers - 3 on 4 Attempt(s) - 75.00% - Score 0 goal in Penalty Kill
Senators - 4 on 5 Attempt(s) - 80.00% - Score 0 goal in Penalty Kill

Game Notes

No Game Note

Finance

Level 1 -- Attendance: 4964 (76.37%) -- Ticket Income $496,400.00
Level 2 -- Attendance: 3444 (68.88%) -- Ticket Income $206,640.00
Level 3 -- Attendance: 2696 (77.03%) -- Ticket Income $94,360.00
Level 4 -- Attendance: 1413 (44.81%) -- Ticket Income $42,390.00
Luxury Box -- Attendance: 621 (62.10%) -- Ticket Income $155,250.00
Game was played at the Scotiabank Place
Total Attendance: 13138 (68.59%)
Total Ticket Income: $1,063,754.00
Other Income: $209,451.30
Total Income: $1,273,205.00


Play by Play

Period #1

0:01 of 1st period - Brendan Morrison wins face-off versus Sidney Crosby in neutral zone.
0:22 of 1st period - Shot by Sidney Crosby.
0:22 of 1st period - Shot Misses the Net.
0:50 of 1st period - Kevin Bieksa is hit by Sidney Crosby and loses puck.
1:21 of 1st period - Shot by John Tavares.
1:21 of 1st period - Shot Misses the Net.
1:23 of 1st period - Shot by Dion Phaneuf.
1:23 of 1st period - Shot Misses the Net.
1:25 of 1st period - Shot by Jamie Benn.
1:25 of 1st period - Deflect By Daniel Alfredsson.
1:25 of 1st period - Shot Blocked by Raffi Torres.
1:29 of 1st period - Shot by John Tavares.
1:29 of 1st period - Shot Misses the Net.
1:33 of 1st period - Shot by Daniel Alfredsson.
1:33 of 1st period - Shot Misses the Net.
1:35 of 1st period - Shot by Daniel Alfredsson.
1:35 of 1st period - Stopped by Tomas Vokoun without a rebound.
1:36 of 1st period - Jason Spezza wins face-off versus Petr Prucha in Flyers zone.
2:37 of 1st period - Shot by Daniel Alfredsson.
2:37 of 1st period - Stopped by Tomas Vokoun without a rebound.
2:38 of 1st period - John Tavares wins face-off versus Tim Connolly in Flyers zone.
2:53 of 1st period - Shot by John Tavares.
2:53 of 1st period - Stopped by Tomas Vokoun without a rebound.
2:54 of 1st period - Brendan Morrison wins face-off versus Sidney Crosby in Flyers zone.
3:11 of 1st period - Joffrey Lupul is hit by Brendan Morrison and loses puck.
3:54 of 1st period - Minor Penalty to Jamie Benn for Hooking.
3:55 of 1st period - Craig Conroy wins face-off versus Tim Connolly in Senators zone.
3:55 of 1st period - Craig Conroy is hit by Raffi Torres.
4:29 of 1st period - Shot by Andrej Sekera.
4:29 of 1st period - Shot Misses the Net.
4:45 of 1st period - Shot by Brendan Morrison.
4:45 of 1st period - Stopped by Carey Price with a rebound.
5:59 of 1st period - Shot by Jason Spezza.
5:59 of 1st period - Deflect By Joffrey Lupul.
5:59 of 1st period - Shot Misses the Net.
6:01 of 1st period - Shot by Shaone Morrisonn.
6:01 of 1st period - Stopped by Tomas Vokoun without a rebound.
6:02 of 1st period - Petr Prucha wins face-off versus John Tavares in Flyers zone.
6:27 of 1st period - Shot by John Tavares.
6:27 of 1st period - Stopped by Tomas Vokoun with a rebound.
6:29 of 1st period - Shot by Daniel Alfredsson.
6:29 of 1st period - Shot Misses the Net.
6:45 of 1st period - Shot by Nicklas Lidstrom.
6:45 of 1st period - Stopped by Tomas Vokoun without a rebound.
6:46 of 1st period - Patrick Eaves wins face-off versus Kyle Brodziak in Flyers zone.
6:55 of 1st period - Shot by Jason Spezza.
6:55 of 1st period - Shot Misses the Net.
6:59 of 1st period - Shot by Patrick Eaves.
6:59 of 1st period - Shot Misses the Net.
7:03 of 1st period - Shot by Jason Spezza.
7:03 of 1st period - Shot Misses the Net.
7:05 of 1st period - Shot by Jason Spezza.
7:05 of 1st period - Shot Misses the Net.
7:07 of 1st period - Shot by Patrick Eaves.
7:07 of 1st period - Shot Blocked by Brendan Morrison.
7:28 of 1st period - Icing by Brendan Morrison.
7:29 of 1st period - Sidney Crosby wins face-off versus Kyle Brodziak in Flyers zone.
7:36 of 1st period - Shot by Joffrey Lupul.
7:36 of 1st period - Deflect By Sidney Crosby.
7:36 of 1st period - Stopped by Tomas Vokoun with a rebound.
7:38 of 1st period - Shot by Sidney Crosby.
7:38 of 1st period - Stopped by Tomas Vokoun without a rebound.
7:39 of 1st period - Sidney Crosby wins face-off versus Tim Connolly in Flyers zone.
7:44 of 1st period - Shot by Nicklas Lidstrom.
7:44 of 1st period - Shot Misses the Net.
8:11 of 1st period - Icing by Andrej Sekera.
8:12 of 1st period - Tim Connolly wins face-off versus John Tavares in Flyers zone.
8:12 of 1st period - Andrei Markov is hit by Jamie Benn and loses puck.
8:19 of 1st period - Shot by Radim Vrbata.
8:19 of 1st period - Stopped by Carey Price without a rebound.
8:20 of 1st period - John Tavares wins face-off versus Petr Prucha in Senators zone.
8:42 of 1st period - Shot by Niklas Hagman.
8:42 of 1st period - Stopped by Carey Price with a rebound.
8:44 of 1st period - Shot by Rostislav Klesla.
8:44 of 1st period - Stopped by Carey Price without a rebound.
8:44 of 1st period - Minor Penalty to Dion Phaneuf for Hooking.
8:45 of 1st period - Brendan Morrison wins face-off versus Craig Conroy in Senators zone.
9:05 of 1st period - Icing by Kevin Bieksa.
9:06 of 1st period - Brendan Morrison wins face-off versus Ryan Johnson in Flyers zone.
10:01 of 1st period - Shot by Andrej Sekera.
10:01 of 1st period - Stopped by Carey Price with a rebound.
10:05 of 1st period - Shot by Andrei Markov.
10:05 of 1st period - Stopped by Carey Price with a rebound.
10:11 of 1st period - Shot by Andrei Markov.
10:11 of 1st period - Stopped by Carey Price without a rebound.
10:12 of 1st period - Craig Conroy wins face-off versus Tim Connolly in Senators zone.
10:12 of 1st period - Craig Conroy is hit by Radim Vrbata.
10:30 of 1st period - Shot by Andrei Markov.
10:30 of 1st period - Stopped by Carey Price with a rebound.
10:34 of 1st period - Shot by Radim Vrbata.
10:34 of 1st period - Shot Blocked by Nicklas Lidstrom.
10:36 of 1st period - Shot by Andrei Markov.
10:36 of 1st period - Shot Misses the Net.
10:38 of 1st period - Shot by Andrei Markov.
10:38 of 1st period - Stopped by Carey Price with a rebound.
11:03 of 1st period - Shot by Patrick Eaves.
11:03 of 1st period - Stopped by Tomas Vokoun with a rebound.
11:16 of 1st period - Icing by Derek Morris.
11:17 of 1st period - Brendan Morrison wins face-off versus Jason Spezza in Senators zone.
11:48 of 1st period - Shot by Joffrey Lupul.
11:48 of 1st period - Stopped by Tomas Vokoun without a rebound.
11:49 of 1st period - John Tavares wins face-off versus Petr Prucha in Flyers zone.
11:52 of 1st period - Shot by Daniel Alfredsson.
11:52 of 1st period - Goal by Daniel Alfredsson - Flyers : 0 - Senators : 1.
11:53 of 1st period - Petr Prucha wins face-off versus John Tavares in neutral zone.
13:28 of 1st period - Icing by Andrej Sekera.
13:29 of 1st period - Tim Connolly wins face-off versus Jason Spezza in Flyers zone.
13:47 of 1st period - Shot by Nick Foligno.
13:47 of 1st period - Shot Misses the Net.
13:51 of 1st period - Shot by Patrick Eaves.
13:51 of 1st period - Shot Misses the Net.
13:53 of 1st period - Shot by Derek Morris.
13:53 of 1st period - Shot Blocked by Andrei Markov.
13:55 of 1st period - Shot by Derek Morris.
13:55 of 1st period - Shot Blocked by Andrej Sekera.
14:26 of 1st period - Icing by Andrej Sekera.
14:27 of 1st period - Sidney Crosby wins face-off versus Tim Connolly in Flyers zone.
14:36 of 1st period - Shot by Sidney Crosby.
14:36 of 1st period - Shot Blocked by Andrej Sekera.
14:38 of 1st period - Shot by Sidney Crosby.
14:38 of 1st period - Shot Misses the Net.
14:42 of 1st period - Shot by Claude Giroux.
14:42 of 1st period - Shot Hit the Post.
14:44 of 1st period - Shot by Sidney Crosby.
14:44 of 1st period - Stopped by Tomas Vokoun without a rebound.
14:45 of 1st period - John Tavares wins face-off versus Pascal Dupuis in Flyers zone.
15:09 of 1st period - Pascal Dupuis is hit by Dion Phaneuf and loses puck.
15:35 of 1st period - Sidney Crosby is hit by Ladislav Smid and loses puck.
16:01 of 1st period - Icing by Jan Hejda.
16:02 of 1st period - Petr Prucha wins face-off versus Sidney Crosby in Senators zone.
16:23 of 1st period - Minor Penalty to Derek Morris for Interference.
16:24 of 1st period - Craig Conroy wins face-off versus Kyle Brodziak in Senators zone.
16:41 of 1st period - Shot by Patrick Eaves.
16:41 of 1st period - Shot Blocked by Rostislav Klesla.
16:55 of 1st period - Shot by Niklas Hagman.
16:55 of 1st period - Stopped by Carey Price without a rebound.
16:56 of 1st period - Craig Conroy wins face-off versus Brendan Morrison in Senators zone.
18:11 of 1st period - Shot by Radim Vrbata.
18:11 of 1st period - Stopped by Carey Price without a rebound.
18:12 of 1st period - Craig Conroy wins face-off versus Kyle Brodziak in Senators zone.
18:20 of 1st period - Icing by Lee Stempniak.
18:21 of 1st period - Craig Conroy wins face-off versus Kyle Brodziak in Flyers zone.
18:21 of 1st period - Craig Conroy is hit by Brandon McMillan.
18:32 of 1st period - Off-side.
18:33 of 1st period - Petr Prucha wins face-off versus Joffrey Lupul in neutral zone.
19:48 of 1st period - Shot by Tim Connolly.
19:48 of 1st period - Stopped by Carey Price without a rebound.
19:49 of 1st period - Jason Spezza wins face-off versus Brandon McMillan in Senators zone.
19:57 of 1st period - Patrick Eaves is hit by Randy Jones and loses puck.

Period #2

0:01 of 2nd period - Brendan Morrison wins face-off versus Sidney Crosby in neutral zone.
0:51 of 2nd period - Icing by Kevin Bieksa.
0:52 of 2nd period - John Tavares wins face-off versus Brendan Morrison in Flyers zone.
1:07 of 2nd period - Dion Phaneuf is hit by Pascal Dupuis and loses puck.
1:15 of 2nd period - Icing by John-Michael Liles.
1:16 of 2nd period - John Tavares wins face-off versus Tim Connolly in Senators zone.
1:26 of 2nd period - Shot by Radim Vrbata.
1:26 of 2nd period - Stopped by Carey Price without a rebound.
1:27 of 2nd period - Jason Spezza wins face-off versus Petr Prucha in Senators zone.
1:36 of 2nd period - Shot by Patrick Eaves.
1:36 of 2nd period - Stopped by Tomas Vokoun without a rebound.
1:37 of 2nd period - Jason Spezza wins face-off versus Tim Connolly in Flyers zone.
1:37 of 2nd period - Jason Spezza is hit by Andrej Sekera.
1:50 of 2nd period - Jason Spezza is hit by Andrej Sekera.
2:00 of 2nd period - Nick Foligno is hit by Radim Vrbata.
2:12 of 2nd period - Shot by Patrick Eaves.
2:12 of 2nd period - Stopped by Tomas Vokoun without a rebound.
2:13 of 2nd period - Sidney Crosby wins face-off versus Petr Prucha in Flyers zone.
2:28 of 2nd period - Shot by Lee Stempniak.
2:28 of 2nd period - Stopped by Carey Price without a rebound.
2:29 of 2nd period - John Tavares wins face-off versus Kyle Brodziak in Senators zone.
2:29 of 2nd period - John Tavares is hit by Brandon McMillan.
3:00 of 2nd period - Minor Penalty to Brandon McMillan for Tripping.
3:01 of 2nd period - Sidney Crosby wins face-off versus Tim Connolly in Flyers zone.
3:23 of 2nd period - Claude Giroux is hit by Kevin Bieksa and loses puck.
3:31 of 2nd period - Icing by Nicklas Lidstrom.
3:32 of 2nd period - Tim Connolly wins face-off versus Sidney Crosby in Senators zone.
4:07 of 2nd period - Shot by Dion Phaneuf.
4:07 of 2nd period - Shot Misses the Net.
4:09 of 2nd period - Shot by John-Michael Liles.
4:09 of 2nd period - Shot Misses the Net.
4:11 of 2nd period - Shot by John-Michael Liles.
4:11 of 2nd period - Shot Blocked by Andrei Markov.
4:13 of 2nd period - Shot by Patrick Eaves.
4:13 of 2nd period - Goal by Patrick Eaves - Flyers : 0 - Senators : 2.
4:14 of 2nd period - Jason Spezza wins face-off versus Petr Prucha in neutral zone.
4:42 of 2nd period - Shot by Niklas Hagman.
4:42 of 2nd period - Shot Misses the Net.
4:44 of 2nd period - Shot by Rostislav Klesla.
4:44 of 2nd period - Shot Blocked by Derek Morris.
4:46 of 2nd period - Shot by Rostislav Klesla.
4:46 of 2nd period - Stopped by Carey Price without a rebound.
4:47 of 2nd period - Brendan Morrison wins face-off versus John Tavares in Senators zone.
5:07 of 2nd period - Pascal Dupuis is hit by Dion Phaneuf and loses puck.
5:55 of 2nd period - Shot by Sidney Crosby.
5:55 of 2nd period - Stopped by Tomas Vokoun without a rebound.
5:56 of 2nd period - Tim Connolly wins face-off versus Jason Spezza in Flyers zone.
6:32 of 2nd period - Shot by Jason Spezza.
6:32 of 2nd period - Shot Misses the Net.
6:34 of 2nd period - Shot by Nick Foligno.
6:34 of 2nd period - Shot Misses the Net.
7:19 of 2nd period - Shot by Lee Stempniak.
7:19 of 2nd period - Shot Misses the Net.
7:21 of 2nd period - Shot by Rostislav Klesla.
7:21 of 2nd period - Stopped by Carey Price without a rebound.
7:22 of 2nd period - Kyle Brodziak wins face-off versus John Tavares in Senators zone.
7:50 of 2nd period - Icing by Randy Jones.
7:51 of 2nd period - Jason Spezza wins face-off versus Kyle Brodziak in Flyers zone.
7:52 of 2nd period - Shot by Nick Foligno.
7:52 of 2nd period - Shot Misses the Net.
8:08 of 2nd period - Off-side.
8:09 of 2nd period - Tim Connolly wins face-off versus Sidney Crosby in neutral zone.
8:35 of 2nd period - Shot by Joffrey Lupul.
8:35 of 2nd period - Stopped by Tomas Vokoun without a rebound.
8:36 of 2nd period - John Tavares wins face-off versus Petr Prucha in Flyers zone.
8:45 of 2nd period - Shot by Daniel Alfredsson.
8:45 of 2nd period - Stopped by Tomas Vokoun with a rebound.
8:56 of 2nd period - Shot by Daniel Alfredsson.
8:56 of 2nd period - Stopped by Tomas Vokoun without a rebound.
8:57 of 2nd period - Brendan Morrison wins face-off versus Jason Spezza in Flyers zone.
9:11 of 2nd period - Shot by Shaone Morrisonn.
9:11 of 2nd period - Stopped by Tomas Vokoun without a rebound.
9:12 of 2nd period - Tim Connolly wins face-off versus John Tavares in Flyers zone.
9:12 of 2nd period - Tim Connolly is hit by Jamie Benn.
9:23 of 2nd period - Tim Connolly is hit by Dion Phaneuf and loses puck.
9:24 of 2nd period - Minor Penalty to Dion Phaneuf for Slashing.
9:25 of 2nd period - Brendan Morrison wins face-off versus Craig Conroy in Senators zone.
9:35 of 2nd period - Icing by Kevin Bieksa.
9:36 of 2nd period - Ryan Johnson wins face-off versus Brendan Morrison in Flyers zone.
10:04 of 2nd period - Icing by Brendan Morrison.
10:05 of 2nd period - Brendan Morrison wins face-off versus Ryan Johnson in Flyers zone.
10:05 of 2nd period - Brendan Morrison is hit by Daniel Alfredsson.
10:43 of 2nd period - Craig Conroy is hit by Raffi Torres and loses puck.
11:02 of 2nd period - Shot by Andrei Markov.
11:02 of 2nd period - Shot Misses the Net.
12:00 of 2nd period - Shot by Lee Stempniak.
12:00 of 2nd period - Stopped by Carey Price without a rebound.
12:01 of 2nd period - Brandon McMillan wins face-off versus Sidney Crosby in Senators zone.
12:09 of 2nd period - Icing by Nicklas Lidstrom.
12:10 of 2nd period - Tim Connolly wins face-off versus Sidney Crosby in Senators zone.
12:14 of 2nd period - Icing by Jan Hejda.
12:15 of 2nd period - Sidney Crosby wins face-off versus Tim Connolly in Senators zone.
12:15 of 2nd period - Nicklas Lidstrom is hit by Raffi Torres.
12:38 of 2nd period - Icing by Andrei Markov.
12:39 of 2nd period - Jason Spezza wins face-off versus Tim Connolly in Flyers zone.
13:17 of 2nd period - Minor Penalty to Andrej Sekera for Holding.
13:18 of 2nd period - Justin Williams wins face-off versus Sidney Crosby in Flyers zone.
13:31 of 2nd period - Shot by Nicklas Lidstrom.
13:31 of 2nd period - Stopped by Tomas Vokoun without a rebound.
13:32 of 2nd period - Justin Williams wins face-off versus Jason Spezza in Flyers zone.
14:41 of 2nd period - Shot by Claude Giroux.
14:41 of 2nd period - Stopped by Tomas Vokoun without a rebound.
14:42 of 2nd period - Brendan Morrison wins face-off versus Jason Spezza in Flyers zone.
15:27 of 2nd period - Shot by Claude Giroux.
15:27 of 2nd period - Shot Blocked by Randy Jones.
16:05 of 2nd period - Shot by John Tavares.
16:05 of 2nd period - Stopped by Tomas Vokoun without a rebound.
16:06 of 2nd period - Tim Connolly wins face-off versus Daniel Alfredsson in Flyers zone.
16:19 of 2nd period - Shot by Tim Connolly.
16:19 of 2nd period - Stopped by Carey Price without a rebound.
16:20 of 2nd period - Brendan Morrison wins face-off versus Jason Spezza in Senators zone.
16:59 of 2nd period - Icing by Patrick Eaves.
17:00 of 2nd period - Tim Connolly wins face-off versus Patrick Eaves in Senators zone.
17:16 of 2nd period - Shot by Radim Vrbata.
17:16 of 2nd period - Stopped by Carey Price with a rebound.
17:19 of 2nd period - Icing by Jan Hejda.
17:20 of 2nd period - Sidney Crosby wins face-off versus Petr Prucha in Senators zone.
17:43 of 2nd period - Shot by Sidney Crosby.
17:43 of 2nd period - Stopped by Tomas Vokoun without a rebound.
17:44 of 2nd period - John Tavares wins face-off versus Tim Connolly in Flyers zone.
17:44 of 2nd period - Jamie Benn is hit by Andrej Sekera and loses puck.
17:51 of 2nd period - Shot by John Tavares.
17:51 of 2nd period - Deflect By Jamie Benn.
17:51 of 2nd period - Shot Misses the Net.

Period #3

0:01 of 3rd period - Brendan Morrison wins face-off versus Sidney Crosby in neutral zone.
0:40 of 3rd period - Icing by Nicklas Lidstrom.
0:41 of 3rd period - Sidney Crosby wins face-off versus Tim Connolly in Senators zone.
1:18 of 3rd period - Icing by Andrej Sekera.
1:19 of 3rd period - Jason Spezza wins face-off versus Radim Vrbata in Flyers zone.
1:44 of 3rd period - Shot by Patrick Eaves.
1:44 of 3rd period - Stopped by Tomas Vokoun with a rebound.
1:50 of 3rd period - Shot by Patrick Eaves.
1:50 of 3rd period - Shot Blocked by Andrei Markov.
2:29 of 3rd period - Shot by Jamie Benn.
2:29 of 3rd period - Stopped by Tomas Vokoun with a rebound.
2:31 of 3rd period - Shot by John Tavares.
2:31 of 3rd period - Shot Misses the Net.
2:33 of 3rd period - Shot by Jamie Benn.
2:33 of 3rd period - Stopped by Tomas Vokoun with a rebound.
2:37 of 3rd period - Shot by John Tavares.
2:37 of 3rd period - Stopped by Tomas Vokoun without a rebound.
2:38 of 3rd period - Sidney Crosby wins face-off versus Brendan Morrison in Flyers zone.
2:50 of 3rd period - Justin Williams is hit by Jan Hejda and loses puck.
3:03 of 3rd period - Shot by Justin Williams.
3:03 of 3rd period - Stopped by Carey Price without a rebound.
3:04 of 3rd period - Petr Prucha wins face-off versus John Tavares in Senators zone.
3:05 of 3rd period - Shot by Lee Stempniak.
3:05 of 3rd period - Shot Misses the Net.
3:07 of 3rd period - Shot by Lee Stempniak.
3:07 of 3rd period - Shot Blocked by Daniel Alfredsson.
3:09 of 3rd period - Shot by Lee Stempniak.
3:09 of 3rd period - Stopped by Carey Price without a rebound.
3:10 of 3rd period - Petr Prucha wins face-off versus John Tavares in Senators zone.
3:19 of 3rd period - Shot by Jamie Benn.
3:19 of 3rd period - Shot Misses the Net.
3:23 of 3rd period - Shot by Daniel Alfredsson.
3:23 of 3rd period - Stopped by Tomas Vokoun without a rebound.
3:24 of 3rd period - Brendan Morrison wins face-off versus Sidney Crosby in Flyers zone.
3:26 of 3rd period - Ladislav Smid is hit by Claude Giroux and loses puck.
3:32 of 3rd period - Sidney Crosby is hit by Kevin Bieksa and loses puck.
3:41 of 3rd period - Shot by Sidney Crosby.
3:41 of 3rd period - Shot Blocked by Ladislav Smid.
3:43 of 3rd period - Shot by Sidney Crosby.
3:43 of 3rd period - Shot Misses the Net.
3:45 of 3rd period - Shot by Sidney Crosby.
3:45 of 3rd period - Shot Misses the Net.
3:49 of 3rd period - Shot by Sidney Crosby.
3:49 of 3rd period - Stopped by Tomas Vokoun without a rebound.
3:50 of 3rd period - Petr Prucha wins face-off versus Jason Spezza in Flyers zone.
4:04 of 3rd period - Icing by Shaone Morrisonn.
4:05 of 3rd period - Jason Spezza wins face-off versus Kyle Brodziak in Senators zone.
4:07 of 3rd period - Icing by Derek Morris.
4:08 of 3rd period - Jason Spezza wins face-off versus Petr Prucha in Senators zone.
4:35 of 3rd period - Shot by Jason Spezza.
4:35 of 3rd period - Stopped by Tomas Vokoun with a rebound.
4:37 of 3rd period - Shot by Derek Morris.
4:37 of 3rd period - Shot Misses the Net.
4:39 of 3rd period - Shot by Nick Foligno.
4:39 of 3rd period - Shot Misses the Net.
5:22 of 3rd period - Shot by Justin Williams.
5:22 of 3rd period - Deflect By Pascal Dupuis.
5:22 of 3rd period - Shot Blocked by Nicklas Lidstrom.
5:31 of 3rd period - Icing by Jan Hejda.
5:32 of 3rd period - Sidney Crosby wins face-off versus Tim Connolly in Senators zone.
5:43 of 3rd period - Shot by Sidney Crosby.
5:43 of 3rd period - Stopped by Tomas Vokoun with a rebound.
5:57 of 3rd period - Shot by Jamie Benn.
5:57 of 3rd period - Deflect By John Tavares.
5:57 of 3rd period - Stopped by Tomas Vokoun without a rebound.
5:58 of 3rd period - Brendan Morrison wins face-off versus John Tavares in Flyers zone.
6:02 of 3rd period - Off-side.
6:03 of 3rd period - Brendan Morrison wins face-off versus John Tavares in neutral zone.
6:03 of 3rd period - Brendan Morrison is hit by Jamie Benn.
6:16 of 3rd period - Shot by Brendan Morrison.
6:16 of 3rd period - Shot Misses the Net.
6:18 of 3rd period - Shot by Justin Williams.
6:18 of 3rd period - Stopped by Carey Price without a rebound.
6:19 of 3rd period - Tim Connolly wins face-off versus Jason Spezza in Senators zone.
6:26 of 3rd period - Shot by Nick Foligno.
6:26 of 3rd period - Shot Blocked by Andrej Sekera.
6:28 of 3rd period - Shot by Derek Morris.
6:28 of 3rd period - Stopped by Tomas Vokoun without a rebound.
6:29 of 3rd period - John Tavares wins face-off versus Brendan Morrison in Flyers zone.
6:29 of 3rd period - Jamie Benn is hit by Kevin Bieksa and loses puck.
6:31 of 3rd period - Minor Penalty to Ladislav Smid for Hooking.
6:32 of 3rd period - Jason Spezza wins face-off versus Justin Williams in Flyers zone.
6:33 of 3rd period - Shot by John-Michael Liles.
6:33 of 3rd period - Shot Misses the Net.
8:40 of 3rd period - Shot by Niklas Hagman.
8:40 of 3rd period - Stopped by Carey Price without a rebound.
8:41 of 3rd period - John Tavares wins face-off versus Kyle Brodziak in Senators zone.
9:02 of 3rd period - Shot by John Tavares.
9:02 of 3rd period - Goal by John Tavares - Flyers : 0 - Senators : 3.
9:03 of 3rd period - Petr Prucha wins face-off versus Jason Spezza in neutral zone.
9:28 of 3rd period - Shot by Patrick Eaves.
9:28 of 3rd period - Goal by Patrick Eaves - Flyers : 0 - Senators : 4.
9:29 of 3rd period - Sidney Crosby wins face-off versus Tim Connolly in neutral zone.
9:37 of 3rd period - Minor Penalty to Andrej Sekera for Hooking.
9:38 of 3rd period - Sidney Crosby wins face-off versus Justin Williams in Flyers zone.
10:01 of 3rd period - Icing by Joffrey Lupul.
10:02 of 3rd period - Sidney Crosby wins face-off versus Tim Connolly in Senators zone.
11:50 of 3rd period - Daniel Alfredsson is hit by Lee Stempniak and loses puck.
12:40 of 3rd period - Icing by Rostislav Klesla.
12:41 of 3rd period - Jason Spezza wins face-off versus Petr Prucha in Flyers zone.
12:44 of 3rd period - Shot by Patrick Eaves.
12:44 of 3rd period - Stopped by Tomas Vokoun without a rebound.
12:45 of 3rd period - Jason Spezza wins face-off versus Tim Connolly in Flyers zone.
13:11 of 3rd period - Shot by Patrick Eaves.
13:11 of 3rd period - Stopped by Tomas Vokoun without a rebound.
13:12 of 3rd period - Brendan Morrison wins face-off versus Sidney Crosby in Flyers zone.
13:12 of 3rd period - Brendan Morrison is hit by Joffrey Lupul.
13:13 of 3rd period - Minor Penalty to Claude Giroux for Roughing.
13:14 of 3rd period - Craig Conroy wins face-off versus Pascal Dupuis in Senators zone.
13:34 of 3rd period - Icing by Brendan Morrison.
13:35 of 3rd period - Ryan Johnson wins face-off versus Brendan Morrison in Flyers zone.
14:00 of 3rd period - Shot by Justin Williams.
14:00 of 3rd period - Stopped by Carey Price without a rebound.
14:01 of 3rd period - Tim Connolly wins face-off versus Craig Conroy in Senators zone.
14:02 of 3rd period - Shot by Radim Vrbata.
14:02 of 3rd period - Shot Misses the Net.
14:06 of 3rd period - Shot by Raffi Torres.
14:06 of 3rd period - Stopped by Carey Price without a rebound.
14:07 of 3rd period - Craig Conroy wins face-off versus Tim Connolly in Senators zone.
14:33 of 3rd period - Radim Vrbata is hit by Nicklas Lidstrom and loses puck.
14:38 of 3rd period - Shot by Radim Vrbata.
14:38 of 3rd period - Shot Blocked by Nicklas Lidstrom.
14:40 of 3rd period - Shot by Andrej Sekera.
14:40 of 3rd period - Shot Hit the Post.
14:42 of 3rd period - Shot by Radim Vrbata.
14:42 of 3rd period - Shot Misses the Net.
14:44 of 3rd period - Shot by Raffi Torres.
14:44 of 3rd period - Goal by Raffi Torres - Flyers : 1 - Senators : 4.
14:45 of 3rd period - Jason Spezza wins face-off versus Petr Prucha in neutral zone.
15:07 of 3rd period - Shot by Derek Morris.
15:07 of 3rd period - Stopped by Tomas Vokoun without a rebound.
15:08 of 3rd period - Brendan Morrison wins face-off versus Claude Giroux in Flyers zone.
15:28 of 3rd period - Claude Giroux is hit by Ladislav Smid and loses puck.
16:29 of 3rd period - Icing by Andrej Sekera.
16:30 of 3rd period - Jason Spezza wins face-off versus Tim Connolly in Flyers zone.
16:47 of 3rd period - Shot by Patrick Eaves.
16:47 of 3rd period - Shot Misses the Net.
17:07 of 3rd period - Raffi Torres is hit by Patrick Eaves and loses puck.
17:30 of 3rd period - Shot by Claude Giroux.
17:30 of 3rd period - Shot Blocked by Andrej Sekera.
17:34 of 3rd period - Shot by Sidney Crosby.
17:34 of 3rd period - Stopped by Tomas Vokoun without a rebound.
17:35 of 3rd period - Petr Prucha wins face-off versus John Tavares in Flyers zone.
17:44 of 3rd period - Shot by Lee Stempniak.
17:44 of 3rd period - Deflect By Niklas Hagman.
17:44 of 3rd period - Stopped by Carey Price without a rebound.
17:45 of 3rd period - John Tavares wins face-off versus Kyle Brodziak in Senators zone.
17:52 of 3rd period - Shot by Jamie Benn.
17:52 of 3rd period - Shot Misses the Net.
18:01 of 3rd period - Kyle Brodziak is hit by Jamie Benn and loses puck.
18:29 of 3rd period - Icing by John Tavares.
18:30 of 3rd period - John Tavares wins face-off versus Petr Prucha in Senators zone.
19:49 of 3rd period - Patrick Eaves is hit by Justin Williams and loses puck.


Output by the SimonT Hockey Simulator (STHS) for Stephane Roy -- Original Page W3C XHTML 1.0 Valid